 Dungeon Crawl Stone Soup version 0.18.1-5-g4a78601 (webtiles) character file.

285 Scarto the Covered (level 6, -3/39 HPs)
             Began as a Gargoyle Fighter on May 13, 2016.
             Slain by an orc warrior
             ... wielding a +0 short sword
              (11 damage)
             ... on level 3 of the Dungeon.
             The game lasted 00:04:24 (1899 turns).

Scarto the Covered (Gargoyle Fighter)               Turns: 1899, Time: 00:04:25

Health: -3/39      AC: 14    Str: 26    XL:     6   Next: 29%
Magic:  6/6        EV:  6    Int:  9    God:
Gold:   117        SH: 10    Dex:  9    Spells: 0 memorised, 5 levels left

rFire  x . .     SeeInvis .     l - +0 war axe
rCold  + . .     Gourm    .     g - +0 chain mail
rNeg   + . .     Faith    .     c - +0 shield
rPois  ∞         Spirit   .     (no helmet)
rElec  +         Dismiss  .     (no cloak)
rCorr  .         Reflect  .     (no gloves)
SustAt .         Harm     .     (no boots)
MR     +....                    (no amulet)
Stlth  ..........               o - ring of protection from magic
                                i - ring of ice

@: mighty, somewhat resistant to hostile enchantments, extremely unstealthy
A: negative energy resistance 1, electricity resistance, unbreathing,
petrification resistance, rot immunity, AC +4
a: no special abilities


You were on level 3 of the Dungeon.
You were not hungry.

You visited 1 branch of the dungeon, and saw 3 of its levels.

You collected 117 gold pieces.

Inventory:

Hand Weapons
 a - a +1 flail
 l - a +0 war axe (weapon)
Armour
 b - a +0 scale mail
 c - a +0 shield (worn)
 g - a +0 chain mail (worn)
Jewellery
 i - a ring of ice (left hand)
 o - a ring of protection from magic (right hand)
Scrolls
 h - a scroll of enchant armour {unknown}
 j - a scroll of immolation {unknown}
Potions
 n - a potion of curing
Books
 e - a book of Conjurations

   Spells                             Type                      Level
   a - Magic Dart                     Conjuration                  1
   b - Searing Ray                    Conjuration                  2
   c - Dazzling Spray                 Conjuration/Hexes            3
   d - Fulminant Prism                Conjuration/Hexes            4
   e - Iskenderun's Mystic Blast      Conjuration                  4
   f - Iskenderun's Battlesphere      Conjuration/Charms           5
Comestibles
 f - 2 bread rations
 k - 2 meat rations
 m - a slice of pizza


   Skills:
 + Level 4.7 Fighting
 + Level 0.0(1.8) Axes
 + Level 3.5 Maces & Flails
 + Level 4.8 Armour
 + Level 4.5 Shields


You had 5 spell levels left.
You didn't know any spells.

Dungeon Overview and Level Annotations

Branches:
Dungeon (3/15)

Altars:
Trog


Innate Abilities, Weirdness & Mutations

You are resistant to torment.
Your stone body is resilient (AC +4).
You are immune to poison.
You resist negative energy.
You are resistant to electric shocks.
You can survive without breathing.
You are immune to petrification.
You are immune to rotting.


Message History

You block the adder's attack. The orc hits you but does no damage.
You are too injured to fight recklessly!
You are too injured to fight recklessly!
The bat barely misses you. The adder bites you but does no damage.
The bat barely misses you.
You are too injured to fight recklessly!
Drink which item? (? for menu, Esc to quit)
Okay, then.
Your shield and chain mail prevent you from hitting the bat.
The bat hits you but does no damage.
Drink which item? (? for menu, Esc to quit)
You feel very mighty all of a sudden.
The orc warrior hits you but does no damage.
You barely miss the orc warrior. You block the orc warrior's attack.
The orc warrior hits you with a short sword!
* * * LOW HITPOINT WARNING * * *
You slash the orc warrior!
The orc warrior is moderately wounded.
The orc warrior hits you with a short sword!
You die...

..................
#.................
#........... #...........
#...$....# #####
#........# ##...#
#..Sob...# ##.._..
##.#o##### #...... #..#@#
###...... #.##.#
#.#.8...8 #.##.#
###.##..... #.##.#
###....##...#
#.##.####....####..).
#####.##.##.....#######..
#..............)†........
#.........#.....#....#...
#.........#...>...####...


You could see an orc warrior, an adder, an orc and a bat.

Vanquished Creatures
  2 eyes of draining (D:3)
  2 gnolls
  An adder (D:2)
  An ooze (D:2)
  3 worms (D:2)
  A dart slug (D:1)
  2 giant geckos
  An orc (D:3)
  2 giant cockroaches
  5 goblins
  11 hobgoblins
  6 jackals (D:1)
  12 kobolds
  A quokka (D:2)
  2 ball pythons (D:2)
  7 bats
  3 giant newts (D:1)
  8 rats
70 creatures vanquished.

Notes
Turn   | Place    | Note
--------------------------------------------------------------
     0 | D:1      | Scarto the Gargoyle Fighter began the quest for the Orb.
     0 | D:1      | Reached XP level 1. HP: 14/14 MP: 1/1
   118 | D:1      | Reached XP level 2. HP: 19/19 MP: 2/2
   183 | D:1      | Reached XP level 3. HP: 7/23 MP: 3/3
  1310 | D:2      | Reached XP level 4. HP: 28/28 MP: 4/4
  1803 | D:3      | Found a bloodstained altar of Trog.
  1803 | D:3      | Noticed an eye of draining
  1804 | D:3      | Noticed an eye of draining
  1815 | D:3      | Killed an eye of draining
  1815 | D:3      | Reached XP level 5. HP: 33/34 MP: 0/5
  1818 | D:3      | Killed an eye of draining
  1818 | D:3      | Reached XP level 6. HP: 38/39 MP: 0/6
  1886 | D:3      | Noticed an orc warrior
  1899 | D:3      | Slain by an orc warrior

Skill      XL: |  1  2  3  4 |
---------------+-------------+-----
Armour         | 4 |  4.8
Fighting       | 4 |  4.7
Shields        | 4 |  4.5
Maces & Flails | 3 |  3.5

Action                   |  1- 3 |  4- 6 || total
-------------------------+-------+-------++-------
Melee: Flail             |   185 |   122 ||   307
       War axe           |       |    15 ||    15
  Use: Scroll            |     4 |       ||     4
       Potion            |       |     7 ||     7
  Eat: Bread ration      |     1 |       ||     1
Armor: Chain mail        |   181 |   112 ||   293
Dodge: Dodged            |    53 |    46 ||    99
Block: Shield            |   150 |    86 ||   236
